 Dungeon Sprint DCSS version 0.30-a0-778-g2ef04afb54 (webtiles) character file.

Game seed: 4461917912084207701

231085 Conn the Archmage (level 27, 138/157 HPs)
             Began as an Octopode Fire Elementalist on Jan 31, 2023.
             Was the Champion of Sif Muna.
             Escaped with the Orb!
             The game lasted 01:48:49 (4556 turns).

Conn the Archmage (Octopode Fire Elementalist)      Turns: 4556, Time: 01:48:49

Health: 138/157    AC:  7    Str: 23    XL:     27
Magic:  48/63      EV: 32    Int: 43    God:    Sif Muna [******]
Gold:   1589       SH: 10    Dex: 26    Spells: 4/80 levels left

rFire   + . .      SeeInvis +    D - staff of conjuration
rCold   + . .      Faith    .    F - +1 buckler of Jicoibih {rPois rC+ Int-2 Stlth+}
rNeg    + + +      Spirit   .    B - +0 hat "Fyequaco" {Int+7}
rPois   +          Reflect  .    M - amulet "Apre" {RegenMP Regen+ rCorr Dex+3}
rElec   +          Harm     .    l - ring of the Jolly Blessings {Slay+3 SInv}
rCorr   +          Rampage  .    m - ring "Ceodat" {rF+ Str+7 Slay+4 Stlth-}
Will    +++..      NoTele   +    t - ring "Qoisumn Vura" {rF+ MP+9 Str+3 Slay+5}
Stlth   +++                      s - ring of Attitude {Ice Int+4 Dex+4}
HPRegen 1.26/turn                q - ring "Utsujiept" {rElec rC- rN++ EV+5 SInv}
MPRegen 0.78/turn                r - ring of the Devil {Fly Will+ rCorr Dex+6}
                                 v - ring "Rat Furaa" {Dex+3 Slay+2 SInv Stlth+}
                                 w - ring "Cath" {rN++ AC+4}

@: flying
A: almost no armour, amphibious, 8 rings, camouflage 1, gelatinous body 1,
(nimble swimmer 1), tentacles, iridescent scales 1, clever 2, strong 1
0: Orb of Zot
}: 5/15 runes: serpentine, slimy, silver, gossamer, mossy
a: Renounce Religion, Channel Magic, Forget Spell, Divine Exegesis


You escaped.
You worshipped Sif Muna.
Sif Muna was exalted by your worship.
You visited 1 branch You collected 16220 gold pieces.
You spent 14631 gold pieces at shops.

Inventory:

Hand Weapons
 p - a +3 rapier
Missiles
 o - 10 poisoned darts
Armour
 z - a +0 buckler of reflection
 B - the +0 hat "Fyequaco" (worn) {Int+7}
   (You bought it in a shop in the Dungeon)

   Int:       It affects your intelligence (+7).
 F - the +1 buckler of Jicoibih (worn) {rPois rC+ Int-2 Stlth+}
   (You bought it in a shop in the Dungeon)

   Int:       It affects your intelligence (-2).
   rC:        It protects you from cold.
   rPois:     It protects you from poison.
   Stlth:     It makes you more stealthy.
 G - the +4 kite shield "Joqeuczi" {*Slow Str+2 SInv Stlth+}
   (You bought it in a shop in the Dungeon)

   Str:       It affects your strength (+2).
   SInv:      It lets you see invisible.
   *Slow:     It may slow you when you take damage.
   Stlth:     It makes you more stealthy.
 H - the +1 tower shield "Pilont" {Rampage Int+3 Dex+3}
   (You bought it in a shop in the Dungeon)

   Int:       It affects your intelligence (+3).
   Dex:       It affects your dexterity (+3).
   Rampage:   It bestows one free step when moving towards enemies.
Magical Staves
 D - a staff of conjuration (weapon)
Jewellery
 k - the amulet of Existentialism {Spirit *Slow +Inv Str+7}
   (You bought it in a shop in the Dungeon)

   [amulet of guardian spirit]

   It causes incoming damage to be divided between your reserves of health and
   magic.
   Str:       It affects your strength (+7).
   +Inv:      It lets you turn invisible.
   *Slow:     It may slow you when you take damage.
 l - the ring of the Jolly Blessings (left tentacle) {Slay+3 SInv}
   (You bought it in a shop in the Dungeon)

   [ring of see invisible]

   Slay:      It affects your accuracy & damage with ranged weapons and melee
   (+3).
   SInv:      It lets you see invisible.
 m - the ring "Ceodat" (right tentacle) {rF+ Str+7 Slay+4 Stlth-}
   (You bought it in a shop in the Dungeon)

   [ring of slaying]

   Str:       It affects your strength (+7).
   Slay:      It affects your accuracy & damage with ranged weapons and melee
   (+4).
   rF:        It protects you from fire.
   Stlth:     It makes you less stealthy.
 n - the ring of Ihyfadik {Fly Will+ rCorr MP-9}
   (You bought it in a shop in the Dungeon)

   [ring of willpower]

   MP:        It affects your magic capacity (-9).
   Fly:       It grants you flight.
   rCorr:     It protects you from acid and corrosion.
   Will:      It increases your willpower.
 q - the ring "Utsujiept" (on tentacle) {rElec rC- rN++ EV+5 SInv}
   (You bought it in a shop in the Dungeon)

   [ring of evasion]

   EV:        It affects your evasion (+5).
   rC:        It makes you vulnerable to cold.
   rElec:     It insulates you from electricity.
   rN:        It greatly protects you from negative energy.
   SInv:      It lets you see invisible.
 r - the ring of the Devil (on tentacle) {Fly Will+ rCorr Dex+6}
   (You bought it in a shop in the Dungeon)

   [ring of dexterity]

   Dex:       It affects your dexterity (+6).
   Fly:       It grants you flight.
   rCorr:     It protects you from acid and corrosion.
   Will:      It increases your willpower.
 s - the ring of Attitude (on tentacle) {Ice Int+4 Dex+4}
   (You bought it in a shop in the Dungeon)

   [ring of ice]

   It enhances your ice magic.
   Int:       It affects your intelligence (+4).
   Dex:       It affects your dexterity (+4).
   rF:        It makes you vulnerable to fire.
   rC:        It protects you from cold.
 t - the ring "Qoisumn Vura" (on tentacle) {rF+ MP+9 Str+3 Slay+5}
   (You bought it in a shop in the Dungeon)

   [ring of magical power]

   Str:       It affects your strength (+3).
   Slay:      It affects your accuracy & damage with ranged weapons and melee
   (+5).
   rF:        It protects you from fire.
   MP:        It affects your magic capacity (+9).
 u - the ring "Ygu Pauph" {*Corrode Drain Fly Int+6 SInv}
   (You bought it in a shop in the Dungeon)

   [ring of intelligence]

   Int:       It affects your intelligence (+6).
   SInv:      It lets you see invisible.
   Fly:       It grants you flight.
   *Corrode:  It may corrode you when you take damage.
   Drain:     It drains your maximum health when unequipped.
 v - the ring "Rat Furaa" (on tentacle) {Dex+3 Slay+2 SInv Stlth+}
   (You bought it in a shop in the Dungeon)

   [ring of see invisible]

   Dex:       It affects your dexterity (+3).
   Slay:      It affects your accuracy & damage with ranged weapons and melee
   (+2).
   SInv:      It lets you see invisible.
   Stlth:     It makes you more stealthy.
 w - the ring "Cath" (on tentacle) {rN++ AC+4}
   (You bought it in a shop in the Dungeon)

   [ring of protection]

   AC:        It affects your AC (+4).
   rN:        It greatly protects you from negative energy.
 x - the amulet "Ephutsishri" {Acrobat Dex+4}
   (You bought it in a shop in the Dungeon)

   [amulet of the acrobat]

   It increases your evasion while moving and waiting.
   Dex:       It affects your dexterity (+4).
 y - the amulet "Yntuvanalu" {Rampage rPois Regen+}
   (You bought it in a shop in the Dungeon)

   [amulet of regeneration]

   rPois:     It protects you from poison.
   Regen:     It increases your rate of health regeneration.
   Rampage:   It bestows one free step when moving towards enemies.
 J - the amulet "Nughu" {Acrobat Int+2}
   (You bought it in a shop in the Dungeon)

   [amulet of the acrobat]

   It increases your evasion while moving and waiting.
   Int:       It affects your intelligence (+2).
 K - the amulet "Teggup" {Acrobat -Cast rF++ rN+ Dex+2}
   (You bought it in a shop in the Dungeon)

   [amulet of the acrobat]

   It increases your evasion while moving and waiting.
   Dex:       It affects your dexterity (+2).
   rF:        It greatly protects you from fire.
   rN:        It protects you from negative energy.
   -Cast:     It prevents spellcasting.
 L - the amulet "Fady" {rElec rC- Regen+ Int-4 Slay+6}
   (You bought it in a shop in the Dungeon)

   [amulet of regeneration]

   Int:       It affects your intelligence (-4).
   Slay:      It affects your accuracy & damage with ranged weapons and melee
   (+6).
   rC:        It makes you vulnerable to cold.
   rElec:     It insulates you from electricity.
   Regen:     It increases your rate of health regeneration.
 M - the amulet "Apre" (around mantle) {RegenMP Regen+ rCorr Dex+3}
   (You bought it in a shop in the Dungeon)

   [amulet of magic regeneration]

   It increases your rate of magic regeneration.
   Dex:       It affects your dexterity (+3).
   Regen:     It increases your rate of health regeneration.
   rCorr:     It protects you from acid and corrosion.
Wands
 g - a wand of light (3)
 h - a wand of roots (1)
 C - a wand of charming (5)
Scrolls
 i - 3 scrolls of fog
 N - 10 scrolls of blinking
Potions
 a - 9 potions of magic
 b - a potion of curing
 c - 7 potions of heal wounds
 d - 12 potions of haste
 f - 6 potions of brilliance
 j - 13 potions of resistance
 A - 3 potions of mutation
 O - a potion of cancellation
Miscellaneous
 I - a condenser vane
 P - a quad damage
 Q - a quad damage
 R - a quad damage


   Skills:
 + Level 5.7 Fighting
 + Level 1.0 Short Blades
 + Level 3.2 Staves
 + Level 14.7 Dodging
 + Level 12.0 Stealth
 + Level 13.0 Shields
 + Level 4.1 Unarmed Combat
 O Level 27 Spellcasting
 O Level 27 Conjurations
 + Level 4.7 Hexes
 + Level 4.6 Summonings
 + Level 2.0 Necromancy
 + Level 17.9 Translocations
 + Level 0.8 Transmutations
 O Level 27 Fire Magic
 + Level 6.1 Ice Magic
 + Level 13.0 Air Magic
 + Level 5.0 Poison Magic
 - Level 14.0 Invocations
 + Level 3.0 Evocations


You had 4 spell levels left.
You knew the following spells:

 Your Spells              Type           Power      Damage    Failure   Level
a - Foxfire               Conj/Fire      100%       2x1d9     0%          1
b - Fireball              Conj/Fire      81%        3d30      0%          5
c - Inner Flame           Hex/Fire       100%       N/A       0%          3
d - Flame Wave            Conj/Fire      100%       2d21      0%          4
e - Scorch                Fire           100%       2d10      0%          2
f - Iskenderun's Mystic   Conj/Tloc      100%       2d19      0%          4
g - Conjure Ball Lightni  Conj/Air       74%        3x3d27    0%          6
h - Blink                 Tloc           100%       N/A       0%          2
i - Call Canine Familiar  Summ           78%        N/A       1%          3
j - Irradiate             Conj/Tmut      66%        3d33      1%          5
k - Starburst             Conj/Fire      81%        6d21      0%          6
l - Orb of Destruction    Conj           81%        9d18      0%          7
m - Mephitic Cloud        Conj/Pois/Air  100%       N/A       0%          3
n - Hailstorm             Conj/Ice       100%       3d20      0%          3
o - Fire Storm            Conj/Fire      81%        8d21      1%          9
p - Ignition              Fire           69%        3d18      1%          8
q - Summon Forest         Summ/Tloc      50%        N/A       1%          5

Your spell library contained the following spells:

 Spells                   Type           Power      Damage    Failure   Level
 Apportation              Tloc           100%       N/A       0%          1
 Kiss of Death            Conj/Necr      100%       2d13      0%          1
 Magic Dart               Conj           100%       1d8       0%          1
 Shock                    Conj/Air       100%       1d9       0%          1
 Lesser Beckoning         Tloc           100%       N/A       0%          2
 Momentum Strike          Conj/Tloc      100%       3d10      0%          2
 Poisonous Vapours        Pois/Air       100%       N/A       0%          2
 Searing Ray              Conj           100%       2d8       0%          2
 Static Discharge         Conj/Air       100%       2-7/arc   0%          2
 Dazzling Flash           Conj/Hex       100%       N/A       0%          3
 Gell's Gravitas          Tloc           100%       N/A       0%          3
 Ignite Poison            Fire/Tmut/Pois 100%       N/A       0%          3
 Kindle Blastsparks       Fire/Tloc/Air  100%       2d18      0%          3
 Portal Projectile        Hex/Tloc       100%       N/A       0%          3
 Stone Arrow              Conj/Erth      100%       3d13      0%          3
 Swiftness                Air            100%       N/A       0%          3
 Teleport Other           Tloc           100%       N/A       0%          3
 Vhi's Electric Charge    Tloc/Air       100%       N/A       0%          3
 Airstrike                Air            53%        2d(8-24)  0%          4
 Fulminant Prism          Conj/Hex       69%        3d27      0%          4
 Manifold Assault         Tloc           100%       N/A       0%          4
 Passage of Golubria      Tloc           100%       N/A       0%          4
 Sticky Flame             Conj/Fire      100%       2d11      0%          4
 Beastly Appendage        Tmut           100%       N/A       1%          1
 Freeze                   Ice            100%       1d10      1%          1
 Necrotise                Necr           100%       1d9       1%          1
 Slow                     Hex            100%       N/A       1%          1
 Sting                    Tmut/Pois      100%       1d8       1%          1
 Call Imp                 Summ           78%        N/A       1%          2
 Cigotuvi's Dreadful Rot  Necr/Pois/Air  100%       N/A       1%          2
 Ensorcelled Hibernation  Hex/Ice        100%       N/A       1%          2
 Passwall                 Tmut/Erth      47%        N/A       1%          2
 Confusing Touch          Hex            78%        N/A       1%          3
 Ozocubu's Armour         Ice            100%       N/A       1%          3
 Spider Form              Tmut/Pois      70%        N/A       1%          3
 Tukima's Dance           Hex            78%        N/A       1%          3
 Vampiric Draining        Necr           66%        2d10      1%          3
 Anguish                  Hex/Necr       36%        N/A       1%          4
 Animate Dead             Necr           66%        N/A       1%          4
 Cause Fear               Hex            39%        N/A       1%          4
 Dispel Undead            Necr           66%        3d23      1%          4
 Ice Form                 Ice/Tmut       93%        N/A       1%          4
 Leda's Liquefaction      Hex/Erth       33%        N/A       1%          4
 Olgreb's Toxic Radiance  Pois           79%        N/A       1%          4
 Summon Ice Beast         Ice/Summ       100%       N/A       1%          4
 Summon Lightning Spire   Summ/Air       94%        N/A       1%          4
 Arcjolt                  Conj/Air       74%        1d84      0%          5
 Freezing Cloud           Conj/Ice/Air   81%        6-21      0%          5
 Iskenderun's Battlesphe  Conj           100%       2d15      0%          5
 Lightning Bolt           Conj/Air       74%        1d100     0%          5
 Metabolic Englaciation   Hex/Ice        51%        N/A       1%          5
 Silence                  Hex/Air        47%        N/A       1%          5
 Summon Mana Viper        Hex/Summ       78%        N/A       1%          5
 Dispersal                Tloc           59%        N/A       1%          6
 Iron Shot                Conj/Erth      65%        9d12      1%          6
 Spellforged Servitor     Conj/Summ      69%        N/A       1%          7
 Disjunction              Tloc           59%        N/A       1%          8
 Alistair's Intoxication  Tmut/Pois      46%        N/A       2%          5
 Yara's Violent Unravell  Hex/Tmut       34%        3d14      2%          5
 Malign Gateway           Summ/Tloc      50%        N/A       2%          7
 Agony                    Necr           66%        N/A       3%          5
 Borgnjor's Vile Clutch   Necr/Erth      30%        N/A       5%          5
 Summon Cactus Giant      Summ           39%        N/A       6%          6
 Lee's Rapid Deconstruct  Erth           27%        3d15*     8%          5
 Lehudib's Crystal Spear  Conj/Erth      65%        10d15     8%          8
 Chain Lightning          Conj/Air       74%        3d99      8%          9
 Simulacrum               Ice/Necr       48%        N/A       9%          6
 Maxwell's Capacitive Co  Air            53%        ∞         9%          8
 Storm Form               Tmut/Air       43%        N/A       14%         7
 Death Channel            Necr           33%        N/A       19%         6
 Ozocubu's Refrigeration  Ice            52%        4d19      19%         7
 Enfeeble                 Hex            39%        N/A       34%         7
 Summon Hydra             Summ           39%        N/A       34%         7
 Statue Form              Tmut/Erth      38%        N/A       36%         6
 Haunt                    Necr/Summ      36%        N/A       52%         7
 Discord                  Hex            39%        N/A       95%         8
 Summon Horrible Things   Summ           39%        N/A       95%         8
 Borgnjor's Revivificati  Necr           33%        N/A       100%        8
 Infestation              Necr           33%        N/A       100%        8
 Necromutation            Tmut/Necr      31%        N/A       100%        8
 Death's Door             Necr           33%        N/A       100%        9
 Dragon's Call            Summ           39%        N/A       100%        9
 Polar Vortex             Ice            52%        N/A       100%        9
 Shatter                  Erth           27%        3d23*     100%        9


Dungeon Overview and Level Annotations

Branches:
Dungeon (1/1)

Altars:
Cheibriados
Dithmenos
Fedhas
Gozag
Kikubaaqudgha
Makhleb
Okawaru
Qazlal
Ru
Sif Muna
Trog
Uskayaw
Vehumet
Wu Jian
Xom
Yredelemnul
Zin
The Shining One
Lugonu

Shops:
D [??*?*:[((!!!


Innate Abilities, Weirdness & Mutations

You cannot wear most types of armour.
You are amphibious.
You can wear up to eight rings at the same time.
Your skin changes colour to match your surroundings (Stealth+).
Your rubbery body absorbs attacks. (AC +1, EV +1)
((You are camouflaged when in or above water. (Stealth+)))
You have tentacles for arms and can constrict up to eight enemies at once.
You are partially covered in iridescent scales. (AC +2)
Your mind is very acute. (Int +8, Str/Dex -2)
Your muscles are strong. (Str +4, Int/Dex -1)


Message History

The great blast of fire engulfs the reaper!!!!
You kill the reaper!
Sif Muna accepts your kill.
The demonspawn warmonger is engulfed in blazing flames.
The demonspawn warmonger completely misses your fire vortex.
The demonspawn warmonger claws your fire vortex!
The demonspawn warmonger gores your fire vortex!
Unknown command.
Casting: Fire Storm (dangerous; 1% risk of failure)
Confirm with . or Enter, or press ? or * to list all spells.
Aiming: Fire Storm (dangerous; 1% risk of failure)
Press: ? - help, Dir - move target You feel a surge of power!
You miscast Fire Storm.
You are very lightly contaminated with residual magic.
Sparks fly from your tentacles. You resist.
The demonspawn warmonger is engulfed in blazing flames.
Casting: Fire Storm (dangerous; 1% risk of failure)
Confirm with . or Enter, or press ? or * to list all spells.
Aiming: Fire Storm (dangerous; 1% risk of failure)
Press: ? - help, Dir - move target, f - fire vortex
Aim: a fire vortex (flame, friendly, fire blocked by a granite statue)
You feel a surge of power!
A raging storm of fire appears!
The great blast of fire engulfs the demonspawn warmonger!!!!
You kill the demonspawn warmonger!
Sif Muna accepts your kill.
You see here a Young Poisoner's Handbook.
Sif Muna grants you a gift!
Your Stealth skill increases to level 12!
Your Shields skill increases to level 13!
You pick up a Young Poisoner's Handbook and begin reading...
You add the spell Olgreb's Toxic Radiance to your library.
Items here: )) [[ †.
Okay, then.
Things that are here:
a +0 tower shield; a +2 eudemon blade of holy wrath; a +0 shortbow You swap places.
You see here a +0 dire flail.
Your magical contamination has completely faded away.
There is a staircase leading out of the dungeon here.
You have escaped!

#_).[[..._# ###....[[...###
#⌠...[.......⌠#
######.8.[)..)..)8.######
##._._..))[.)...[))..__.∩##
###∩.......)8.))#.8....)...∩###
##....(....(.).###..).)......).##
#⌠...)....[...#[..###......)).)⌠#
#⌠.....)..([###.@.# #.)).......⌠#
#§....)..)).###...###..).......⌠#
##......)).....###)[.[.........##
###∩[)..[[..8.###.8[[[.....∩###
##∩___..(..[##..[)..)__.∩##
######.8.))..[..)8)######
#⌠.)./.[..[[.[# ###.)[).[|)[###
#_.).[[.._#


There were no monsters in sight!

Vanquished Creatures
  Dissolution (D)
  Mennas (D)
  An orb of fire (D)
  Agnes (D)
  4 pearl dragons (D)
  An electric golem (D)
  12 Orb Guardians (D)
  A titan (D)
  2 ancient champions (D)
  A death cob (D)
  A revenant (D)
  A daeva (D)
  A demonspawn warmonger (D)
  7 storm dragons (D)
  3 ghost moths (D)
  A deep elf elementalist (D)
  An orc warlord (D)
  2 angels (D)
  2 quicksilver oozes (D)
  3 stone giants (D)
  3 ophanim (D)
  A draconian stormcaller (D)
  A reaper (D)
  An apis (D)
  An ironbound preserver (D)
  A vampire knight (D)
  A wolf spider (D)
  11 lorocyprocas (D)
  An eidolon (D)
  A deep elf death mage (D)
  14 ettins (D)
  A naga warrior (D)
  An entropy weaver (D)
  A jiangshi (D)
  A shambling mangrove (D)
  2 vault guards (D)
  6 spriggan air magi (D)
  3 ogre magi (D)
  An anaconda (D)
  18 boulder beetles (D)
  8 centaur warriors (D)
  2 two-headed ogres (D)
  A satyr (D)
  An orc high priest (D)
  4 vampire magi (D)
  2 spriggan berserkers (D)
  2 soul eaters (D)
  14 fire crabs (D)
  2 sun demons (D)
  A sixfirhy (D)
  A skeletal warrior (D)
  A flayed ghost (D)
  2 cherubim (D)
  A glowing orange brain (shapeshifter) (D)
  4 orc knights (D)
  A deep elf pyromancer (D)
  A necromancer (D)
  2 harpies (shapeshifter) (D)
  4 deep elf zephyrmancers (D)
  10 ugly things (D)
  An orc sorcerer (D)
  An oklob plant (D)
  7 moths of wrath (D)
  5 naga magi (D)
  A rust devil (D)
  An orange demon (D)
  2 ice devils (D)
  2 red devils (D)
  A wind drake (shapeshifter) (D)
  A meliai (shapeshifter) (D)
  5 tyrant leeches (D)
  3 wind drakes (D)
  3 hornets (D)
  A hornet (shapeshifter) (D)
  7 air elementals (D)
  A wraith (D)
  A culicivora (D)
  A spriggan (shapeshifter) (D)
  8 vampire mosquitoes (D)
  8 neqoxecs (D)
  A naga (D)
  6 sky beasts (D)
  2 black bears (shapeshifter) (D)
  4 ogres (D)
  6 centaurs (D)
  2 kobold brigands (D)
  A scorpion (D)
  7 worms (D)
  2 goblins (D)
  2 kobolds (D)
  A butterfly (D)
  2 fire vortices (D)
  A foxfire (D)
  A snaplasher vine (D)
279 creatures vanquished.

Vanquished Creatures (collateral kills)
  A tentacled monstrosity (D)
  A ghost moth (D)
  A draconian scorcher (D)
  A curse skull (D)
  A stone giant (D)
  A vault guard (D)
  3 boulder beetles (D)
  An orc high priest (D)
  A soul eater (D)
  5 ball lightnings (D)
16 creatures vanquished.

Vanquished Creatures (others)
  82 ball lightnings (D)
  25 fire vortices (D)
  252 foxfires (D)
359 creatures vanquished.

Grand Total: 654 creatures vanquished

Notes
Turn   | Place    | Note
-------+----------+-------------------------------------------
     0 | D        | Conn the Octopode Fire Elementalist began the quest for the
                  | Orb.
     0 | D        | Reached XP level 1. HP: 11/11 MP: 3/3
     1 | D        | Found an opulent altar of Gozag.
     1 | D        | Found an iron altar of Okawaru.
     2 | D        | Found a shimmering blue altar of Sif Muna.
     2 | D        | Found a shimmering altar of Xom.
     3 | D        | Found a stormy altar of Qazlal.
     3 | D        | Found a shadowy altar of Dithmenos.
     4 | D        | Found Utu Miopho's Identification Station.
     4 | D        | Found a snail-covered altar of Cheibriados.
     5 | D        | Found Zowoblueh's Advanced Armour.
     5 | D        | Found Inleyrr's Jewellery.
     5 | D        | Round 1.
     6 | D        | Found a radiant altar of Vehumet.
    10 | D        | Became a worshipper of Sif Muna the Loreminder
    18 | D        | Bought a bound tin amulet for 45 gold pieces
    18 | D        | Identified the amulet of Existentialism {Spirit *Slow +Inv
                  | Str+7} (You bought it in a shop in the Dungeon)
    18 | D        | Bought a bound platinum ring for 45 gold pieces
    18 | D        | Identified the ring of the Jolly Blessings {Slay+3 SInv}
                  | (You bought it in a shop in the Dungeon)
    18 | D        | Bought a faintly glowing platinum ring for 45 gold pieces
    18 | D        | Identified the ring "Ceodat" {rF+ Str+7 Slay+4 Stlth-} (You
                  | bought it in a shop in the Dungeon)
    18 | D        | Bought a brightly glowing golden ring for 45 gold pieces
    18 | D        | Identified the ring of Ihyfadik {Fly Will+ rCorr MP-9} (You
                  | bought it in a shop in the Dungeon)
    26 | D        | Found an ancient bone altar of Kikubaaqudgha.
    30 | D        | Found a blossoming altar of Fedhas.
    30 | D        | Found a bloodstained altar of Trog.
    31 | D        | Found Ateocij's Magic Scroll Shop.
    32 | D        | Found Humno's Magic Scroll Shop.
    32 | D        | Found Ajyzer's Must-Have Magic.
    33 | D        | Found a glowing silver altar of Zin.
    33 | D        | Found Hion's Staff Store.
    37 | D        | Found a basalt altar of Yredelemnul.
    38 | D        | Found a burning altar of Makhleb.
    53 | D        | Found Baziaze's Distillery.
    54 | D        | Found Caewawni's Distillery.
    54 | D        | Found Exziczau's Bottled Wisdom.
    54 | D        | Found a corrupted altar of Lugonu.
    54 | D        | Found a hide-covered altar of Uskayaw.
    54 | D        | Found Gicuatow's Do-It-Yourself Clinic.
    58 | D        | Found a glowing golden altar of the Shining One.
    61 | D        | Found an ornate altar of the Wu Jian Council.
    62 | D        | Found a sacrificial altar of Ru.
    62 | D        | Found Qaedyczoo's Weapon Rack.
    64 | D        | Found Carghuron's Premium Goods.
    64 | D        | Found Gimobo's Basic Armour.
    64 | D        | Found Tesakhle's Miscellaneous Merchandise.
    73 | D        | Reached XP level 2. HP: 6/17 MP: 0/5
   116 | D        | Reached * piety under Sif Muna
   133 | D        | Learned a level 2 spell: Scorch
   145 | D        | Noticed a scorpion
   151 | D        | Killed a scorpion
   151 | D        | Arena points: 12 (+12) [x2]
   152 | D        | Reached skill level 1 in Unarmed Combat
   152 | D        | Reached XP level 3. HP: 21/21 MP: 0/8
   152 | D        | Reached XP level 4. HP: 27/27 MP: 0/9
   172 | D        | Round 2.
   176 | D        | Noticed a kobold brigand
   229 | D        | Killed a kobold brigand
   229 | D        | Reached ** piety under Sif Muna
   230 | D        | Reached XP level 5. HP: 18/31 MP: 2/11
   294 | D        | Noticed a kobold brigand
   304 | D        | Killed a kobold brigand
   305 | D        | Reached skill level 5 in Spellcasting
   309 | D        | Reached *** piety under Sif Muna
   342 | D        | Arena points: 54 (+42) [x3]
   363 | D        | Round 3.
   369 | D        | Noticed a deep elf pyromancer
   375 | D        | Killed a deep elf pyromancer
   376 | D        | Reached skill level 5 in Stealth
   376 | D        | Reached skill level 5 in Conjurations
   376 | D        | Reached XP level 6. HP: 26/36 MP: 4/16
   376 | D        | Reached XP level 7. HP: 30/41 MP: 4/17
   386 | D        | Noticed a deep elf zephyrmancer
   389 | D        | HP: 2/41 [deep elf zephyrmancer/bolt of lightning (31)]
   391 | D        | Killed a deep elf zephyrmancer
   392 | D        | Reached skill level 5 in Dodging
   392 | D        | Reached skill level 10 in Fire Magic
   392 | D        | Reached XP level 8. HP: 3/46 MP: 0/20
   403 | D        | Learned a level 3 spell: Inner Flame
   408 | D        | Learned a level 4 spell: Flame Wave
   453 | D        | Noticed a deep elf zephyrmancer
   460 | D        | Killed a deep elf zephyrmancer
   460 | D        | Noticed a deep elf zephyrmancer
   461 | D        | Reached skill level 1 in Evocations
   461 | D        | Noticed a deep elf zephyrmancer
   463 | D        | Killed a deep elf zephyrmancer
   463 | D        | Reached **** piety under Sif Muna
   464 | D        | Reached XP level 9. HP: 46/51 MP: 10/22
   468 | D        | Killed a deep elf zephyrmancer
   469 | D        | Reached skill level 10 in Spellcasting
   510 | D        | Noticed a deep elf elementalist
   520 | D        | Killed a deep elf elementalist
   520 | D        | Arena points: 138 (+84) [x4]
   538 | D        | Round 4.
   541 | D        | Bought a scintillating lapis lazuli ring for 45 gold pieces
   541 | D        | Identified the ring "Utsujiept" {rElec rC- rN++ EV+5 SInv}
                  | (You bought it in a shop in the Dungeon)
   541 | D        | Bought a sparkling granite ring for 45 gold pieces
   541 | D        | Identified the ring of the Devil {Fly Will+ rCorr Dex+6}
                  | (You bought it in a shop in the Dungeon)
   541 | D        | Bought a vibrating copper ring for 45 gold pieces
   541 | D        | Identified the ring of Attitude {Ice Int+4 Dex+4} (You
                  | bought it in a shop in the Dungeon)
   541 | D        | Bought a glittering platinum ring for 45 gold pieces
   541 | D        | Identified the ring "Qoisumn Vura" {rF+ MP+9 Str+3 Slay+5}
                  | (You bought it in a shop in the Dungeon)
   551 | D        | Noticed an ogre mage
   557 | D        | Killed an ogre mage
   558 | D        | Reached skill level 1 in Hexes
   558 | D        | Reached skill level 10 in Invocations
   558 | D        | Reached XP level 10. HP: 53/56 MP: 25/25
   623 | D        | Noticed a two-headed ogre
   628 | D        | Killed a two-headed ogre
   648 | D        | Noticed an ogre mage
   660 | D        | Reached ***** piety under Sif Muna
   673 | D        | Killed an ogre mage
   676 | D        | Noticed a two-headed ogre
   683 | D        | Killed a two-headed ogre
   683 | D        | Received a gift from Sif Muna
   683 | D        | Arena points: 298 (+160) [x5]
   684 | D        | Reached skill level 10 in Conjurations
   684 | D        | Got Sif Muna's Catalogue of Destruction {god gift}
   691 | D        | Learned a level 5 spell: Fireball
   696 | D        | Learned a level 4 spell: Iskenderun's Mystic Blast
   703 | D        | Learned a level 6 spell: Conjure Ball Lightning
   706 | D        | Bought a fine lead ring for 45 gold pieces
   706 | D        | Identified the ring "Ygu Pauph" {*Corrode Drain Fly Int+6
                  | SInv} (You bought it in a shop in the Dungeon)
   706 | D        | Bought a vibrating tin ring for 45 gold pieces
   706 | D        | Identified the ring "Rat Furaa" {Dex+3 Slay+2 SInv Stlth+}
                  | (You bought it in a shop in the Dungeon)
   706 | D        | Bought a wavering pewter ring for 45 gold pieces
   706 | D        | Identified the ring "Cath" {rN++ AC+4} (You bought it in a
                  | shop in the Dungeon)
   706 | D        | Bought a twitching ruby amulet for 45 gold pieces
   706 | D        | Identified the amulet "Ephutsishri" {Acrobat Dex+4} (You
                  | bought it in a shop in the Dungeon)
   708 | D        | Bought a translucent iron amulet for 45 gold pieces
   708 | D        | Identified the amulet "Yntuvanalu" {Rampage rPois Regen+}
                  | (You bought it in a shop in the Dungeon)
   727 | D        | Round 5.
   755 | D        | Noticed a naga warlord
   759 | D        | Noticed an anaconda
   767 | D        | Killed an anaconda
   768 | D        | Reached skill level 1 in Air Magic
   775 | D        | Killed a naga warlord
   775 | D        | Arena points: 578 (+280) [x7]
   776 | D        | Reached XP level 11. HP: 31/61 MP: 12/27
   776 | D        | Got a serpentine rune of Zot
   812 | D        | Reached XP level 12. HP: 66/66 MP: 21/28
   916 | D        | Bought a book of Spatial Translocations for 126 gold pieces
   919 | D        | Learned a level 2 spell: Blink
   936 | D        | Bought a potion of heal wounds for 35 gold pieces
   944 | D        | Round 6.
  1080 | D        | Arena points: 1010 (+432) [x8]
  1131 | D        | Bought a potion of experience for 300 gold pieces
  1132 | D        | Reached XP level 13. HP: 71/71 MP: 30/30
  1139 | D        | Round 7.
  1141 | D        | Noticed an entropy weaver
  1144 | D        | Received a gift from Sif Muna
  1146 | D        | Reached skill level 1 in Translocations
  1148 | D        | Reached skill level 15 in Fire Magic
  1148 | D        | an entropy weaver changed into a black mamba
  1150 | D        | Received a gift from Sif Muna
  1152 | D        | Arena points: 1640 (+630) [x9]
  1153 | D        | Got Cenepest's Atlas of Blasted Corruption {god gift}
  1158 | D        | Learned a level 3 spell: Call Canine Familiar
  1227 | D        | Round 8.
  1268 | D        | Bought a potion of experience for 300 gold pieces
  1268 | D        | Reached XP level 14. HP: 76/76 MP: 18/32
  1276 | D        | Bought 2 potions of mutation for 112 gold pieces
  1276 | D        | Gained mutation: Your flesh is heat resistant. (rF+)
                  | [potion of mutation]
  1276 | D        | Gained mutation: You are dopey. (Int -2) [potion of
                  | mutation]
  1305 | D        | Reached ****** piety under Sif Muna
  1321 | D        | Received a gift from Sif Muna
  1322 | D        | Got Sif Muna's Directory of Doomed Transmogrification {god
                  | gift}
  1329 | D        | Learned a level 5 spell: Irradiate
  1331 | D        | Reached skill level 1 in Shields
  1360 | D        | Arena points: 2360 (+720) [x10]
  1380 | D        | Bought a pitted hat for 315 gold pieces
  1380 | D        | Identified the +0 hat "Fyequaco" {Int+7} (You bought it in
                  | a shop in the Dungeon)
  1413 | D        | Round 9.
  1435 | D        | Received a gift from Sif Muna
  1436 | D        | Got Sif Muna's Parchment of Force {god gift}
  1444 | D        | Learned a level 6 spell: Starburst
  1481 | D        | Reached skill level 15 in Spellcasting
  1536 | D        | Arena points: 3449 (+1089) [x11]
  1572 | D        | Round 10.
  1599 | D        | Received a gift from Sif Muna
  1599 | D        | Arena points: 4749 (+1300) [x13]
  1600 | D        | Got Sif Muna's Vellum of Fulgent Flesh {god gift}
  1600 | D        | Got a gossamer rune of Zot
  1753 | D        | Reached XP level 15. HP: 81/81 MP: 34/34
  1766 | D        | Bought a staff of conjuration for 750 gold pieces
  1777 | D        | Round 11.
  1830 | D        | Reached skill level 1 in Short Blades
  1878 | D        | Received a gift from Sif Muna
  1879 | D        | Reached skill level 1 in Fighting
  1879 | D        | Got Sif Muna's Opusculum on Shocking Concussion {god gift}
  1890 | D        | Arena points: 6443 (+1694) [x14]
  1923 | D        | Bought 2 potions of experience for 600 gold pieces
  1924 | D        | Reached XP level 16. HP: 89/89 MP: 10/37
  1925 | D        | Reached skill level 5 in Translocations
  1925 | D        | Reached XP level 17. HP: 93/93 MP: 11/38
  1934 | D        | Learned a level 7 spell: Orb of Destruction
  1938 | D        | Learned a level 3 spell: Mephitic Cloud
  1959 | D        | Round 12.
  2021 | D        | Received a gift from Sif Muna
  2022 | D        | Got Sif Muna's Excursus on Frost and the Singularity {god
                  | gift}
  2084 | D        | Paralysed by an air elemental for 1 turns
  2087 | D        | Arena points: 8603 (+2160) [x15]
  2088 | D        | Reached skill level 10 in Air Magic
  2148 | D        | Round 13.
  2209 | D        | Received a gift from Sif Muna
  2210 | D        | Got Xeffyru's Verses on the Geometric Xenolith {god gift}
  2253 | D        | Arena points: 11099 (+2496) [x16]
  2272 | D        | Bought 3 potions of experience for 900 gold pieces
  2272 | D        | Reached XP level 18. HP: 99/99 MP: 20/40
  2273 | D        | Reached XP level 19. HP: 103/103 MP: 20/41
  2274 | D        | Reached XP level 20. HP: 109/109 MP: 20/42
  2311 | D        | Round 14.
  2316 | D        | Received a gift from Sif Muna
  2317 | D        | Reached skill level 5 in Shields
  2317 | D        | Got Sif Muna's Textbook on Radiant Intoxication {god gift}
  2342 | D        | Received a gift from Sif Muna
  2342 | D        | Arena points: 13717 (+2618) [x17]
  2343 | D        | Got Sif Muna's Spellbook of the Wendigo {god gift}
  2348 | D        | Learned a level 3 spell: Hailstorm
  2390 | D        | Round 15.
  2487 | D        | Noticed Agnes
  2503 | D        | Killed Agnes
  2503 | D        | Arena points: 16852 (+3135) [x19]
  2504 | D        | Reached skill level 15 in Conjurations
  2504 | D        | Got a mossy rune of Zot
  2576 | D        | Bought 5 potions of haste for 1000 gold pieces
  2576 | D        | Bought 5 potions of heal wounds for 500 gold pieces
  2600 | D        | Bought a faintly glowing buckler for 332 gold pieces
  2600 | D        | Identified the +1 buckler of Festooned Music {Fly rC- Str-4
                  | Stlth+} (You bought it in a shop in the Dungeon)
  2639 | D        | Upgraded the game from 0.30-a0-728-gc68057be0a to
                  | 0.30-a0-760-g5a9884bb7c
  2692 | D        | Round 16.
  2703 | D        | Received a gift from Sif Muna
  2704 | D        | Got Pevet's Precepts of the Star-crossed Autopsy {god gift}
  2709 | D        | Reached skill level 10 in Dodging
  2736 | D        | Reached XP level 21. HP: 99/115 MP: 27/45
  2830 | D        | Received a gift from Sif Muna
  2831 | D        | Got Sif Muna's Parchment of Inflammable Anathema {god gift}
  2837 | D        | Arena points: 17092 (+240) [x1]
  2852 | D        | Round 17.
  2858 | D        | Paralysed by an air elemental for 1 turns
  2888 | D        | Received a gift from Sif Muna
  2895 | D        | Reached skill level 1 in Poison Magic
  2910 | D        | Arena points: 17636 (+544) [x2]
  2914 | D        | Got Sif Muna's Guide on the Discharge {god gift}
  2925 | D        | Round 18.
  2933 | D        | Learned a level 9 spell: Fire Storm
  3009 | D        | Received a gift from Sif Muna
  3013 | D        | Got Sif Muna's Book of the Noxious Cwm {god gift}
  3041 | D        | Upgraded the game from 0.30-a0-760-g5a9884bb7c to
                  | 0.30-a0-778-g2ef04afb54
  3065 | D        | Received a gift from Sif Muna
  3066 | D        | Reached skill level 1 in Necromancy
  3066 | D        | Got Sif Muna's Guide on Fulgent Distance {god gift}
  3092 | D        | Arena points: 18392 (+756) [x3]
  3105 | D        | Bought a jewelled buckler for 332 gold pieces
  3105 | D        | Identified the +1 buckler of Jicoibih {rPois rC+ Int-2
                  | Stlth+} (You bought it in a shop in the Dungeon)
  3105 | D        | Bought a fading kite shield for 332 gold pieces
  3105 | D        | Identified the +4 kite shield "Joqeuczi" {*Slow Str+2 SInv
                  | Stlth+} (You bought it in a shop in the Dungeon)
  3105 | D        | Bought a twisted tower shield for 332 gold pieces
  3105 | D        | Identified the +1 tower shield "Pilont" {Rampage Int+3
                  | Dex+3} (You bought it in a shop in the Dungeon)
  3108 | D        | Round 19.
  3116 | D        | Reached XP level 22. HP: 88/121 MP: 12/48
  3160 | D        | Received a gift from Sif Muna
  3161 | D        | Got Sif Muna's Collected Works on Weather {god gift}
  3258 | D        | Received a gift from Sif Muna
  3258 | D        | Arena points: 19532 (+1140) [x4]
  3259 | D        | Got Sif Muna's Parchment of Creative Freezing {god gift}
  3271 | D        | Bought 3 potions of experience for 900 gold pieces
  3272 | D        | Reached XP level 23. HP: 126/126 MP: 7/50
  3273 | D        | Reached XP level 24. HP: 131/131 MP: 7/50
  3274 | D        | Reached XP level 25. HP: 135/135 MP: 8/50
  3287 | D        | Round 20.
  3303 | D        | Noticed Dissolution
  3317 | D        | Paralysed by a floating eye for 4 turns
  3329 | D        | Killed Dissolution
  3329 | D        | Arena points: 20972 (+1440) [x6]
  3330 | D        | Got a slimy rune of Zot
  3372 | D        | Bought a pitted lead amulet for 45 gold pieces
  3372 | D        | Identified the amulet "Nughu" {Acrobat Int+2} (You bought
                  | it in a shop in the Dungeon)
  3372 | D        | Bought a fine crystal amulet for 45 gold pieces
  3372 | D        | Identified the amulet "Teggup" {Acrobat -Cast rF++ rN+
                  | Dex+2} (You bought it in a shop in the Dungeon)
  3372 | D        | Bought a coiled ruby amulet for 45 gold pieces
  3372 | D        | Identified the amulet "Fady" {rElec rC- Regen+ Int-4
                  | Slay+6} (You bought it in a shop in the Dungeon)
  3372 | D        | Bought a brightly glowing bronze amulet for 45 gold pieces
  3372 | D        | Identified the amulet "Apre" {RegenMP Regen+ rCorr Dex+3}
                  | (You bought it in a shop in the Dungeon)
  3518 | D        | Round 21.
  3536 | D        | Received a gift from Sif Muna
  3550 | D        | Reached skill level 1 in Staves
  3550 | D        | Reached skill level 10 in Shields
  3552 | D        | Received a gift from Sif Muna
  3553 | D        | Got Sif Muna's Octavo of Aeromancy and Beckoning {god gift}
  3580 | D        | Arena points: 23618 (+2646) [x7]
  3595 | D        | Round 22.
  3616 | D        | Received a gift from Sif Muna
  3643 | D        | Arena points: 26082 (+2464) [x8]
  3653 | D        | Bought 5 potions of heal wounds for 500 gold pieces
  3677 | D        | Round 23.
  3685 | D        | Bought 6 potions of magic for 336 gold pieces
  3685 | D        | Bought 5 potions of haste for 350 gold pieces
  3685 | D        | Bought 6 potions of brilliance for 168 gold pieces
  3685 | D        | Bought 6 potions of resistance for 420 gold pieces
  3698 | D        | Reached skill level 27 in Spellcasting
  3706 | D        | Received a gift from Sif Muna
  3707 | D        | Got Sif Muna's Papyrus of Combative Profane Acts {god gift}
  3718 | D        | Bought 5 scrolls of blinking for 375 gold pieces
  3762 | D        | Received a gift from Sif Muna
  3763 | D        | Got Hocimut's Handbook of the Wendigo and Aeromancy {god
                  | gift}
  3774 | D        | Learned a level 8 spell: Ignition
  3780 | D        | Learned a level 5 spell: Summon Forest
  3788 | D        | Arena points: 29187 (+3105) [x9]
  3789 | D        | Reached skill level 1 in Ice Magic
  3804 | D        | Reached skill level 5 in Ice Magic
  3804 | D        | Reached XP level 26. HP: 147/147 MP: 49/54
  3812 | D        | Round 24.
  3887 | D        | Received a gift from Sif Muna
  3888 | D        | Got Sif Muna's Spellbook of Places and Anathema {god gift}
  3983 | D        | Arena points: 33987 (+4800) [x10]
  4004 | D        | Round 25.
  4022 | D        | Reached skill level 10 in Translocations
  4044 | D        | Received a gift from Sif Muna
  4045 | D        | Got Sif Muna's Meditations on Nasty Cleavage {god gift}
  4061 | D        | Noticed Mennas
  4100 | D        | Killed Mennas
  4100 | D        | Arena points: 38187 (+4200) [x12]
  4101 | D        | Reached XP level 27. HP: 85/152 MP: 2/54
  4101 | D        | Got a silver rune of Zot
  4152 | D        | Bought a quad damage for 400 gold pieces
  4152 | D        | Bought a quad damage for 400 gold pieces
  4152 | D        | Bought a quad damage for 400 gold pieces
  4152 | D        | Bought a book of Debilitation for 400 gold pieces
  4187 | D        | Bought 5 scrolls of blinking for 375 gold pieces
  4194 | D        | Bought a Grand Grimoire for 238 gold pieces
  4194 | D        | Bought a Necronomicon for 392 gold pieces
  4194 | D        | Bought a book of Blasting for 280 gold pieces
  4194 | D        | Bought a book of Burglary for 140 gold pieces
  4194 | D        | Bought a book of Minor Magic for 126 gold pieces
  4194 | D        | Bought a book of the Earth for 252 gold pieces
  4194 | D        | Bought a book of Death for 308 gold pieces
  4194 | D        | Bought a book of Hexes for 252 gold pieces
  4218 | D        | Bought 6 potions of resistance for 420 gold pieces
  4219 | D        | Bought 3 potions of mutation for 168 gold pieces
  4260 | D        | Lost mutation: Your flesh is heat resistant. (rF+) [potion
                  | of mutation]
  4260 | D        | Lost mutation: You are dopey. (Int -2) [potion of mutation]
  4260 | D        | Gained mutation: Your mind is acute. (Int +4, Str/Dex -1)
                  | [potion of mutation]
  4260 | D        | Gained mutation: Your mind is very acute. (Int +8, Str/Dex
                  | -2) [potion of mutation]
  4260 | D        | Gained mutation: You are partially covered in iridescent
                  | scales. (AC +2) [potion of mutation]
  4260 | D        | Gained mutation: Your muscles are strong. (Str +4, Int/Dex
                  | -1) [potion of mutation]
  4274 | D        | Round 26.
  4287 | D        | Received a gift from Sif Muna
  4288 | D        | Got Sif Muna's Octavo of Coordinates and Exhalation {god
                  | gift}
  4293 | D        | Reached skill level 27 in Conjurations
  4298 | D        | Received a gift from Sif Muna
  4328 | D        | Arena points: 45623 (+7436) [x13]
  4351 | D        | Round 27.
  4392 | D        | Received a gift from Sif Muna
  4393 | D        | Reached skill level 27 in Fire Magic
  4444 | D        | Noticed an orb of fire
  4449 | D        | Killed an orb of fire
  4449 | D        | Received a gift from Sif Muna
  4450 | D        | Reached skill level 10 in Stealth
  4450 | D        | Got Sif Muna's Atlas from the Consilium Hierarch to Conn
                  | {god gift}
  4458 | D        | Noticed an orb of fire
  4476 | D        | Reached skill level 5 in Fighting
  4478 | D        | Received a gift from Sif Muna
  4479 | D        | Reached skill level 15 in Translocations
  4479 | D        | Got Zioreiz's Spellbook of Rotting Orientation {god gift}
  4504 | D        | Reached skill level 5 in Poison Magic
  4527 | D        | Arena points: 46217 (+594) [x1]
  4534 | D        | Got the Orb of Zot
  4538 | D        | Received a gift from Sif Muna
  4556 | D        | Escaped with the Orb!

Illustrated notes

Levels and vault maps discovered:
D:        arena_sprint

Skill      XL: |  1  2  3  4  5  6  7  8  9 10 11 12 13 14 15 16 17 18 19 20 21 22 23 24 25 26 27 |
---------------+----------------------------------------------------------------------------------+-----
Stealth        | 3 4 5 6 7 8 12 | 12.0
Fire Magic     | 4 6 7 9 10 11 13 14 15 16 17 18 19 22 23 27 | 27.0
Dodging        | 3 4 5 6 7 8 10 11 13 14 | 14.7
Unarmed Combat | 1 2 3 4 |  4.1
Spellcasting   | 3 4 7 8 9 11 12 13 14 15 17 18 20 22 23 27 | 27.0
Conjurations   | 2 5 6 7 9 10 11 12 13 15 17 18 19 23 26 27 | 27.0
Invocations    | 2 6 7 8 10 11 12 13 14 | 14.0
Evocations     | 1 2 3 |  3.0
Hexes          | 1 3 4 |  4.7
Air Magic      | 3 6 8 9 10 11 12 13 | 13.0
Translocations | 1 3 4 5 6 7 9 10 17 | 17.9
Shields        | 1 3 4 7 9 11 13 | 13.0
Short Blades   | 1 |  1.0
Fighting       | 1 2 3 5 |  5.7
Summonings     | 3 4 |  4.6
Poison Magic   | 2 3 4 5 |  5.0
Necromancy     | 1 2 |  2.0
Staves         | 3 |  3.2
Ice Magic      | 5 6 |  6.1
Transmutations | |  0.8

Action                     |  1- 3 |  4- 6 |  7- 9 | 10-12 | 13-15 | 16-18 | 19-21 | 22-24 | 25-27 || total
---------------------------+-------+-------+-------+-------+-------+-------+-------+-------+-------++-------
  Melee: Unarmed           |     7 |     2 |       |       |       |       |       |       |       ||     9
         Constrict         |     4 |     1 |       |     1 |       |       |       |       |     1 ||     7
         Tentacles         |     1 |       |       |       |       |       |       |       |     2 ||     3
         Rapier            |       |       |       |     1 |     1 |       |       |       |       ||     2
         Staff             |       |       |       |       |       |     1 |     1 |       |    11 ||    13
         Punch             |       |       |       |       |       |       |     1 |       |     1 ||     2
   Cast: Foxfire           |    10 |    13 |    12 |    48 |    10 |    11 |    31 |       |    10 ||   145
         Scorch            |     1 |     4 |     9 |    19 |    14 |    17 |    24 |     3 |    17 ||   108
         Inner Flame       |       |       |     4 |    11 |     1 |       |     1 |       |     1 ||    18
         Fireball          |       |       |       |     4 |    12 |     7 |    25 |     2 |    15 ||    65
         Flame Wave        |       |       |       |     2 |     5 |     3 |     7 |     2 |     5 ||    24
         Iskenderun's Myst |       |       |       |     1 |    17 |       |    15 |     4 |    48 ||    85
         Conjure Ball Ligh |       |       |       |       |    23 |     1 |     5 |     2 |     5 ||    36
         Blink             |       |       |       |       |     3 |       |     3 |     1 |     6 ||    13
         Call Canine Famil |       |       |       |       |     2 |       |       |       |       ||     2
         Starburst         |       |       |       |       |     1 |       |     1 |       |     9 ||    11
         Orb of Destructio |       |       |       |       |       |     3 |    24 |     6 |    53 ||    86
         Mephitic Cloud    |       |       |       |       |       |       |     9 |     1 |     5 ||    15
         Hailstorm         |       |       |       |       |       |       |     1 |     2 |     6 ||     9
         Infestation       |       |       |       |       |       |       |     1 |       |       ||     1
         Discord           |       |       |       |       |       |       |     1 |       |       ||     1
         Fire Storm        |       |       |       |       |       |       |       |     2 |    15 ||    17
         Irradiate         |       |       |       |       |       |       |       |       |     3 ||     3
         Ignition          |       |       |       |       |       |       |       |       |     1 ||     1
         Summon Forest     |       |       |       |       |       |       |       |       |     1 ||     1
 Invoke: Channel Magic     |       |       |     2 |     2 |     4 |     1 |     9 |     2 |    11 ||    31
         Divine Exegesis   |       |       |       |       |       |       |     2 |     2 |     6 ||    10
  Evoke: Wand              |     1 |       |     3 |     2 |       |       |       |       |       ||     6
    Use: Potion            |     1 |       |     1 |     2 |     5 |     3 |     2 |     3 |    12 ||    29
         Scroll            |       |       |       |     2 |     1 |       |       |       |     1 ||     4
 Armour: Skin              |       |       |       |     2 |     3 |     2 |     2 |       |     1 ||    10
  Dodge: Dodged            |     2 |     1 |     1 |     4 |    20 |    12 |    76 |     1 |    88 ||   205
  Block: Buckler           |       |       |       |     1 |     3 |     3 |    24 |       |     8 ||    39
         Reflection        |       |       |       |       |       |       |    13 |       |       ||    13
         Tower shield      |       |       |       |       |       |       |       |     5 |    59 ||    64

Table legend: (Time is in decaauts)
 A = Elapsed time spent in this place.
 B = Non-inter-level travel time spent in this place.
 C = Inter-level travel time spent in this place.
 D = Time resting spent in this place.
 E = Time spent auto-exploring this place.
 F = Levels seen in this place.
 G = Mean time per level.
                   A        B        C        D        E       F      G
               +--------+--------+--------+--------+--------+-----+--------+
         Total |   4531 |   4531 |      0 |      0 |    644 |   1 | 4531.0 |
       Dungeon |   4531 |   4531 |      0 |      0 |    644 |   1 | 4531.0 |
               +--------+--------+--------+--------+--------+-----+--------+

Top non-repeatable levels by time:
       D: 4531 daAuts
